 Dungeon Crawl Stone Soup version 0.16.1-5-gaa23807 (webtiles) character file.

539 Joshi the Skirmisher (level 7, -1/66 HPs)
             Began as a Minotaur Berserker on Mar 28, 2015.
             Was an Elder of Trog.
             Slain by an orc
             ... wielding a +0 club
              (3 damage)
             ... on level 4 of the Dungeon.
             The game lasted 00:23:41 (3018 turns).

Joshi the Skirmisher (Minotaur Berserker)           Turns: 3018, Time: 00:23:41

Health: -1/66      AC:  2    Str: 21    XL:     7   Next: 5%
Magic:  3/3        EV: 12    Int:  4    God:    Trog [****..]
Gold:   166        SH:  0    Dex: 12    Spells: 0 memorised, 6 levels left

rFire  . . .     SeeInvis .     r - +2 dagger (venom)
rCold  . . .     Clarity  .     I - troll hide
rNeg   . . .     SustAb   .     (no shield)
rPois  .         Gourm    .     (helmet restricted)
rElec  .         Spirit   .     (no cloak)
rCorr  +         Warding  .     (no gloves)
rMut   .         Stasis   .     (no boots)
MR     +....                    E - amulet of resist corrosion
Stlth  +.........               (no ring)
                                m - ring of protection from magic

@: exhausted, slowed, very slow, somewhat resistant to hostile enchantments,
very unstealthy
A: retaliatory headbutt, horns 2
a: Burn Spellbooks, Berserk, Trog's Hand, Brothers in Arms, Renounce Religion


You were on level 4 of the Dungeon.
You worshipped Trog.
Trog was greatly pleased with you.
You were very hungry.

You visited 1 branch of the dungeon, and saw 4 of its levels.

You collected 166 gold pieces.

Inventory:

Hand weapons
 a - a +1 hand axe
 h - a +1 dagger of chaos
 r - a +2 dagger of venom (weapon)
 u - a +0 dagger of draining
 w - a +0 whip of flaming
 x - a +0 war axe
 B - a +0 dagger of chaos
 D - a +2 dagger of chaos
Missiles
 e - 21 arrows
 g - 10 bolts of frost
 i - 25 bolts
 p - 10 sling bullets
 s - 8 tomahawks (quivered)
Armour
 b - a +0 animal skin
 j - a +0 chain mail
 k - a +0 chain mail
 l - a +1 chain mail
 v - a +0 ring mail
 G - a +0 scale mail
 I - a troll hide (worn)
Jewellery
 m - a ring of protection from magic (left hand)
 E - an amulet of resist corrosion (around neck)
Scrolls
 y - a scroll of remove curse
 C - 2 scrolls of identify
Potions
 d - 2 potions of curing
 f - a potion of degeneration {unknown}
 n - a potion of cure mutation {unknown}
 o - 2 potions of haste {unknown}
 q - a potion of invisibility {unknown}
 F - a potion of heal wounds {unknown}
 H - 3 potions of poison {unknown}
Comestibles
 c - 2 bread rations
 t - 3 meat rations
 z - a beef jerky
 A - 2 royal jellies


   Skills:
 * Level 7.2 Fighting
 + Level 1.4 Short Blades
 + Level 6.2 Axes
 - Level 3.4 Armour
 - Level 2.9 Dodging


You had 6 spell levels left.
You didn't know any spells.

Dungeon Overview and Level Annotations

Branches:
Dungeon (4/15)
 Temple: D:4-7

Altars:
Gozag
Xom
The Shining One

Annotations:
D:4 Radiman's ghost, average CeFi


Innate Abilities, Weirdness & Mutations

You reflexively headbutt those who attack you in melee.
You have a pair of horns on your head.


Message History

You kill Natasha!
Trog accepts your kill.
Trog appreciates your killing of a magic user.
Natasha growls in agony!
The crimson imp disappears in a puff of smoke!
The orc hits you with a club. The orc barely misses you.
You hit Radiman's ghost but do no damage.
Radiman's ghost hits you!!
* * * LOW HITPOINT WARNING * * *
The orc closely misses you.
The orc hits you from afar with a trident.
* * * LOW HITPOINT WARNING * * *
Radiman's ghost says, "I died poor and in vain, but not as a freak."
Radiman's ghost hits you.
* * * LOW HITPOINT WARNING * * *
Unknown command.
You hit Radiman's ghost. Your headbutt misses Radiman's ghost.
Radiman's ghost is lightly damaged.
The orc hits you with a club.
You die...

.......#
.......#.
.#
.........
.#
###......
. #......
#. #...#
##o###.<#
#.)o#Wl.#
#@#..#
###.....
#.W.###
#...#
#...#
#.h..
#.... .


You could see Radiman's ghost, 2 orcs and a giant newt.

Vanquished Creatures
  The ghost of Thomus the Skirmisher, an average HOFi (D:3)
  A hound (D:4)
  A crimson imp (D:3)
  Natasha (D:4)
  4 orc wizards
  A hound skeleton (D:4)
  7 gnolls
  5 adders
  A giant mite (D:3)
  4 worms
  A giant gecko (D:1)
  16 orcs
  4 bats
  A giant cockroach (D:2)
  7 goblins
  15 hobgoblins
  7 jackals
  3 kobolds (D:1)
  3 ball pythons
  2 giant newts
  12 rats
97 creatures vanquished.

Notes
Turn   | Place    | Note
--------------------------------------------------------------
     0 | D:1      | Joshi, the Minotaur Berserker, began the quest for the Orb.
     0 | D:1      | Reached XP level 1. HP: 19/19 MP: 1/1
   256 | D:1      | Reached XP level 2. HP: 25/27 MP: 1/1
   261 | D:1      | Reached skill level 4 in Axes
   868 | D:2      | Acquired Trog's second power
   901 | D:2      | Found an opulent altar of Gozag.
   959 | D:2      | Reached XP level 3. HP: 28/33 MP: 2/2
  1003 | D:2      | Reached XP level 4. HP: 41/41 MP: 2/2
  1536 | D:3      | Reached skill level 5 in Fighting
  1536 | D:3      | Reached skill level 5 in Axes
  1542 | D:3      | Reached XP level 5. HP: 48/48 MP: 2/2
  1657 | D:3      | Found a glowing golden altar of the Shining One.
  2250 | D:3      | Acquired Trog's third power
  2289 | D:3      | Noticed Thomus' ghost (average HOFi)
  2305 | D:3      | Killed Thomus' ghost
  2305 | D:3      | Reached skill level 6 in Fighting
  2305 | D:3      | Reached XP level 6. HP: 57/57 MP: 3/3
  2610 | D:3      | Found a shimmering altar of Xom.
  2993 | D:4      | Noticed Radiman's ghost (average CeFi)
  2995 | D:4      | Noticed Natasha
  3003 | D:4      | Reached skill level 7 in Fighting
  3003 | D:4      | Reached skill level 1 in Short Blades
  3014 | D:4      | Reached XP level 7. HP: 44/66 MP: 3/3
  3016 | D:4      | Killed Natasha
  3017 | D:4      | HP: 3/66 [orc/trident (1)]
  3017 | D:4      | HP: 1/66 [Radiman's ghost (2)]
  3018 | D:4      | Slain by an orc

Action                   |  1- 3 |  4- 6 |  7- 9 || total
-------------------------+-------+-------+-------++-------
Melee: Hand axe          |    74 |    73 |       ||   147
       Dagger            |       |    78 |     4 ||    82
Invok: Berserk           |     1 |     5 |       ||     6
  Use: Scroll            |     2 |     7 |       ||     9
       Potion            |     1 |       |       ||     1
  Eat: Bread ration      |       |     2 |       ||     2
       Chunk             |       |     3 |       ||     3
